Map: Frozen Temple

Players

Fisterle

  • Race: Terran Terran
  • League: Gold

capac - Winner!

  • Race: Terran Terran
  • League: Gold

VOD

Have the link to the VOD?

Description

Time

  • Played on: May 3, 2016, 11:12 a.m.
  • Length: 13:26
Show
View Real Time Build Order
Export as new Build Order

Fisterle Terran 

Build Orders: Command Center First (CC), Bio Tank 

Get SALT Encoding   

  12  0:01  SCV  
  13  0:17  SCV  
  13  0:20  Supply Depot  
  14  0:29  SCV  
  15  0:42  SCV  
  16  0:54  SCV  
  17  1:06  SCV  
  17  1:08  Command Center  
  18  1:18  SCV  
  19  1:26  Barracks  
  19  1:35  SCV  
  19  1:39  Refinery  
  20  1:42  Refinery  
  20  1:47  SCV  
  21  1:55  Barracks  
  21  1:59  SCV  
  21  2:11  SCV  
  21  2:13  Marine  
  23  2:16  Supply Depot  
  23  2:25  Orbital Command  
  23  2:29  SCV  
  24  2:35  Marine  
  25  2:43  Bunker  
  25  2:44  Marine  
  25  2:47  SCV  
  27  2:58  Factory  
  27  3:02  SCV  
  27  3:03  Marine  
  29  3:06  Marine  
  30  3:16  Orbital Command  
  30  3:18  SCV  
  31  3:22  Barracks Tech Lab  
  31  3:25  Barracks Reactor  
  31  3:31  Engineering Bay  
  31  3:32  SCV  
  32  3:41  Factory Tech Lab  
  32  3:45  Starport  
  32  3:49  Marauder, SCV  
  32  3:50  SCV  
  36  3:57  Supply Depot  
  36  4:01  Stimpack  
  36  4:02  Marine  
  37  4:03  Marine  
  38  4:11  Siege Tank  
  38  4:16  Bunker  
  41  4:22  Marauder  
  43  4:24  Starport Reactor  
  43  4:29  Marine x2  
  45  4:39  Supply Depot  
  45  4:40  SCV  
  45  4:42  SCV  
  47  4:49  Siege Tank  
  47  4:51  Marine  
  51  4:53  Marine  
  51  4:59  Supply Depot  
  52  5:04  Missile Turret  
  52  5:08  Marauder  
  52  5:09  Marine  
  52  5:11  Marine  
  56  5:14  Medivac  
  58  5:21  SCV  
  58  5:24  SCV  
  58  5:27  Marine  
  58  5:28  Marine, Siege Tank  
  64  5:33  Marine  
  66  5:36  Medivac  
  66  5:38  SCV  
  66  5:39  SCV  
  70  5:45  Marine  
  70  5:46  Supply Depot  
  70  5:48  Supply Depot  
  71  5:51  Marine  
  71  5:54  Marauder  
  71  5:55  SCV  
  76  5:57  SCV  
  76  6:07  Siege Tank  
  76  6:09  Refinery  
  76  6:10  Refinery  
  79  6:16  Supply Depot, Marine  
  79  6:18  Marine  
  81  6:21  Combat Shields  
  81  6:25  Marauder  
  83  6:36  Medivac  
  85  6:41  Marine x2  
  85  6:46  Marauder  
  89  6:50  SCV  
  89  6:51  SCV  
  91  6:59  Marine x2, Command Center  
  93  7:03  Siege Tank  
  93  7:07  Medivac  
  98  7:15  Supply Depot  
  98  7:19  Terran Infantry Weapons Level 1  
  98  7:44  Marine x3  
  101  7:53  Barracks  
  101  7:54  Barracks  
  104  7:58  Siege Tank  
  104  7:59  Barracks  
  104  8:02  Marauder  
  104  8:03  Supply Depot  
  104  8:04  Supply Depot, Marine x2  
  77  8:50  Marine x2  
  77  8:51  Marauder  
  70  9:06  Barracks Tech Lab  
  70  9:07  Barracks Reactor  
  70  9:08  Marine x2  
  66  9:12  Barracks Reactor  
  66  9:16  Marauder  
  60  9:24  Engineering Bay  
  60  9:28  Armory  
  60  9:29  Planetary Fortress  
  60  9:34  Marine  
  60  9:35  Marauder, Marine  
  60  9:36  Siege Tank, Medivac x2  
  60  9:37  Marine  
  72  9:38  SCV, Command Center  
  72  9:39  SCV  
  72  9:41  Terran Infantry Armor Level 1  
  74  9:55  Marine x2  
  74  9:57  SCV  
  74  9:59  SCV  
  78  10:02  Missile Turret  
  78  10:05  Missile Turret  
  79  10:07  SCV  
  79  10:09  SCV  
  80  10:15  Marauder  
  80  10:16  Marauder, Marine x2  
  80  10:17  Marine  
  80  10:19  Marine  
  80  10:21  Marine x2  
  88  10:27  Siege Tank  
  93  10:29  Terran Infantry Weapons Level 2  
  93  10:34  Marine x2  
  93  10:37  Marauder  
  82  10:49  Marine x2  
  73  10:51  Marine  
  73  10:52  Marine x3  
  73  10:56  Barracks Tech Lab  
  77  10:58  Marauder  
  79  11:04  Barracks  
  79  11:07  Marine x2, Siege Tank  
  79  11:09  Marine, Medivac x2  
  89  11:17  Factory  
  89  11:19  Marauder  
  89  11:21  Marauder, Marine x3  
  89  11:23  SCV x3  
  99  11:32  Supply Depot  
  99  11:35  Supply Depot, Marine, Orbital Command  
  99  11:36  Supply Depot  
  99  11:39  Medivac x2  
  104  11:41  Marauder  
  106  11:50  Marine x4  
  106  11:51  Marauder, Marine  
  113  11:57  Supply Depot  
  113  12:02  Marauder  
  113  12:06  Orbital Command  
  113  12:07  Factory Tech Lab  
  115  12:12  Marauder  
  117  12:18  Factory  
  117  12:19  Barracks Tech Lab  
  117  12:22  Marine x6  
  122  12:24  Marauder  
  122  12:25  SCV x2  
  122  12:26  SCV  
  122  12:29  Siege Tank  
  131  12:33  Marauder, Siege Tank  
  136  12:45  Marauder  
  136  12:51  Command Center  
Show
View Real Time Build Order
Export as new Build Order

capac Terran - Winner!

Build Orders: Reaper Expand, MMM Bio 

Get SALT Encoding   

  12  0:02  SCV  
  13  0:14  SCV  
  13  0:19  Supply Depot  
  14  0:26  SCV  
  15  0:40  SCV  
  15  0:42  Barracks  
  16  0:46  Refinery  
  16  0:53  SCV  
  17  1:05  SCV  
  18  1:17  SCV  
  19  1:32  Reaper  
  20  1:36  Command Center  
  20  1:45  Orbital Command  
  20  1:59  Supply Depot  
  20  2:03  Marine  
  21  2:12  Factory  
  21  2:14  SCV  
  22  2:30  Barracks Reactor  
  22  2:38  Barracks  
  22  2:42  SCV  
  23  2:49  Orbital Command  
  23  2:54  Refinery, SCV  
  23  2:57  Factory Tech Lab  
  24  3:06  Marine  
  24  3:07  Marine  
  24  3:08  SCV  
  27  3:19  SCV  
  28  3:20  Siege Tank  
  31  3:28  SCV  
  32  3:34  Barracks Tech Lab  
  32  3:35  Marine x2  
  32  3:37  SCV  
  35  3:44  SCV  
  36  3:52  Starport, Marine x2  
  36  3:53  SCV  
  39  4:02  SCV  
  40  4:07  Barracks, SCV  
  41  4:11  Supply Depot  
  41  4:13  Barracks  
  41  4:15  Siege Tank  
  41  4:17  Marine x2  
  44  4:24  Marine, SCV x2  
  49  4:35  Supply Depot, Stimpack  
  50  4:45  SCV x2  
  51  4:58  SCV x2  
  53  5:03  Barracks Reactor x2  
  53  5:04  Barracks  
  53  5:05  Engineering Bay  
  53  5:06  Engineering Bay  
  53  5:09  Supply Depot  
  53  5:10  Marine x3, SCV  
  53  5:11  SCV  
  58  5:23  SCV x2  
  58  5:26  Refinery  
  58  5:27  Refinery  
  60  5:28  Marine x2  
  60  5:29  Marine  
  60  5:32  Siege Tank  
  60  5:33  Starport Reactor  
  66  5:41  SCV x2  
  68  5:44  Supply Depot  
  68  5:47  Supply Depot  
  68  5:50  Marine x5  
  68  5:53  SCV  
  68  5:55  Barracks Reactor  
  74  6:02  Supply Depot  
  74  6:05  Terran Infantry Weapons Level 1  
  74  6:06  Terran Infantry Armor Level 1  
  74  6:15  SCV x2  
  78  6:19  Marine x4  
  78  6:20  Marine x2  
  82  6:28  Supply Depot  
  82  6:33  Command Center  
  82  6:38  Combat Shields  
  82  6:39  Missile Turret  
  82  6:44  Medivac x2  
  86  6:52  Supply Depot  
  86  6:53  SCV  
  86  6:54  SCV  
  88  7:03  Siege Tank, Missile Turret  
  91  7:09  Marine x5  
  96  7:16  Medivac  
  96  7:17  Medivac  
  100  7:23  Armory  
  100  7:32  Marine x6  
  100  7:33  Marine x2  
  100  7:34  Marine  
  108  7:47  Siege Tank  
  108  7:49  Marine  
  108  7:50  Marine x5  
  117  8:10  SCV  
  117  8:11  Medivac x2  
  120  8:20  Supply Depot  
  98  8:52  Missile Turret  
  93  9:03  Marine x5  
  93  9:04  Marine x2  
  99  9:21  Marine x7  
  104  9:30  Viking, Siege Tank  
  104  9:31  Viking  
  111  9:35  Terran Infantry Weapons Level 2, Terran Infantry Armor Level 2  
  111  9:37  Starport, Barracks  
  111  9:44  Marine x7  
  118  10:02  Marine x5, Siege Tank  
  126  10:13  Command Center  
  126  10:17  Starport Reactor  
  126  10:23  Supply Depot  
  126  10:25  Supply Depot  
  126  10:33  Marine x2  
  126  10:36  Marine  
  126  10:39  Viking  
  126  10:41  Viking  
  103  10:51  Marine x4  
  103  10:54  Medivac x2  
  108  10:59  Marine x3  
  111  11:07  Barracks  
  111  11:08  Marine  
  111  11:10  Marine x2  
  111  11:11  Marine x2  
  116  11:14  Medivac x2  
  120  11:21  Marine x2  
  120  11:22  Marine x2  
  124  11:42  Medivac x2  
  124  11:43  Marine x3  
  124  11:44  Marine  
  132  11:58  Marine x4  
  136  12:03  Medivac  
  138  12:25  Liberator  
  138  12:26  Liberator  
  138  12:38  Missile Turret x4  
  138  12:43  Siege Tank  
  147  12:44  Marine  
Tags
 
Add a new tag
Caveats
  • Supply blocks, unpowered buildings, or Contaminate may cause inaccurate times.
  • Supply counts are checked every 10 seconds.